 Dungeon Crawl Stone Soup version 0.20.0-15-g7f486f2 (webtiles) character file.

5933 botchamania the Transmogrifier (level 10, -1/69 HPs)
             Began as an Octopode Transmuter on June 27, 2017.
             Was an Elder of Okawaru.
             Slain by a porcupine (12 damage)
             ... on level 1 of the Lair of Beasts.
             The game lasted 00:27:46 (13198 turns).

botchamania the Transmogrifier (OpTm)              Turns: 13198, Time: 00:27:47

Health: -1/69      AC:  1    Str: 17    XL:     10   Next: 83%
Magic:  16/18      EV: 19    Int: 16    God:    Okawaru [****..]
Gold:   438        SH:  0    Dex: 15    Spells: 5/20 levels left

rFire    . . .     SeeInvis .     - Unarmed
rCold    . . .     Gourm    .   (no shield)
rNeg     + . .     Faith    .   (helmet restricted)
rPois    .         Spirit   .   (no amulet)
rElec    .         Reflect  .   y - +4 ring of strength
rCorr    .         Harm     .   A - +3 ring of strength
MR       .....                  C - ring of positive energy
Stlth    ++++......             (no ring)
Regen    0.3/turn               (no ring)
MPRegen  0.2/turn               (no ring)
                                (no ring)
                                (no ring)

@: heroism
A: almost no armour, stealthy swim, amphibious, 8 rings, constrict 8, camouflage
1, gelatinous body 1
a: Heroism, Renounce Religion


You were on level 1 of the Lair of Beasts.
You worshipped Okawaru.
Okawaru was greatly pleased with you.
You were not hungry.

You visited 3 branches of the dungeon, and saw 12 of its levels.

You collected 669 gold pieces.
You spent 231 gold pieces at shops.

Inventory:

Hand Weapons
 M - a +0 triple sword
Missiles
 a - 130 arrows
 h - 428 stones (quivered)
Jewellery
 y - a +4 ring of strength (left tentacle)
 A - a +3 ring of strength (right tentacle)
 C - a ring of positive energy (on tentacle)
Wands
 c - a wand of iceblast (8/15)
 l - a wand of paralysis (6/24)
 z - a wand of confusion (31/48)
 D - a wand of lightning (8/15)
 J - a wand of clouds (1/9)
 N - a wand of clouds (8/9)
Scrolls
 f - 4 scrolls of enchant armour
 i - 3 scrolls of amnesia
 m - 2 scrolls of blinking
 o - 8 scrolls of teleportation
 p - a scroll of fog
 s - 10 scrolls of remove curse
 u - 3 scrolls of magic mapping
 v - 2 scrolls of recharging {unknown}
 E - a scroll of acquirement {unknown}
 K - 3 scrolls of identify
Potions
 d - 3 potions of curing
 e - 5 potions of agility
 g - a potion of invisibility
 q - 2 potions of brilliance
 r - a potion of lignification
 t - a potion of degeneration
 w - 2 potions of mutation
 x - 2 potions of magic
 H - a potion of resistance {unknown}
 I - a potion of haste {unknown}
Books
 b - a book of Changes

   Spells                             Type                      Level
   a - Beastly Appendage              Transmutation                1
   b - Sticks to Snakes               Transmutation                2
   c - Spider Form                    Transmutation/Poison         3
   d - Ice Form                       Ice/Transmutation            4
   e - Blade Hands                    Transmutation                5
 B - a book of Changes

   Spells                             Type                      Level
   a - Beastly Appendage              Transmutation                1
   b - Sticks to Snakes               Transmutation                2
   c - Spider Form                    Transmutation/Poison         3
   d - Ice Form                       Ice/Transmutation            4
   e - Blade Hands                    Transmutation                5
 G - a book of Conjurations

   Spells                             Type                      Level
   a - Magic Dart                     Conjuration                  1
   b - Searing Ray                    Conjuration                  2
   c - Dazzling Spray                 Conjuration/Hexes            3
   d - Fulminant Prism                Conjuration/Hexes            4
   e - Force Lance                    Conjuration/Translocation    4
   f - Iskenderun's Mystic Blast      Conjuration                  4
 O - a book of Flames

   Spells                             Type                      Level
   a - Flame Tongue                   Conjuration/Fire             1
   b - Throw Flame                    Conjuration/Fire             2
   c - Conjure Flame                  Conjuration/Fire             3
   d - Inner Flame                    Hexes/Fire                   3
   e - Sticky Flame                   Conjuration/Fire             4
   f - Fireball                       Conjuration/Fire             5
Comestibles
 j - 3 chunks of flesh
 k - 6 royal jellies
 n - 2 bread rations
 F - 2 meat rations
 L - 2 fruits


   Skills:
 + Level 6.4(11.4) Fighting
 + Level 3.6(8.6) Dodging
 + Level 4.8(9.8) Unarmed Combat
 - Level 5.5 Spellcasting
 - Level 8.3 Transmutations
 - Level 8.3 Ice Magic
 - Level 5.3 Poison Magic


You had 5 spell levels left.
You knew the following spells:

 Your Spells              Type           Power        Failure   Level  Hunger
a - Beastly Appendage     Tmut           ####..       1%          1    None
b - Sticks to Snakes      Tmut           ####....     1%          2    #......
c - Spider Form           Tmut/Pois      ####......   2%          3    ###....
d - Ice Form              Ice/Tmut       ####....     4%          4    ####...
e - Blade Hands           Tmut           ####......   13%         5    ######.


Dungeon Overview and Level Annotations

Branches:
Dungeon (10/15)            Temple (1/1) D:5            Lair (1/6) D:8
    Orc (0/2) D:9

Altars:
Ashenzari
Cheibriados
Dithmenos
Elyvilon
Fedhas
Gozag
Hepliaklqana
Kikubaaqudgha
Makhleb
Nemelex Xobeh
Okawaru
Qazlal
Ru
Sif Muna
Trog
Uskayaw
Vehumet
Xom
Yredelemnul
Zin
The Shining One
Beogh
Lugonu

Shops:
D:4 }   D:5 ?


Innate Abilities, Weirdness & Mutations

You cannot wear most types of armour.
You are very stealthy in the water. (Stealth+)
You are amphibious.
You can wear up to eight rings at the same time.
You can use your tentacles to constrict eight enemies at once.
Your skin changes colour to match your surroundings (Stealth+).
Your rubbery body absorbs attacks. (AC +1, EV +1)


Message History

You closely miss the porcupine. The porcupine barely misses you.
You are struck by the porcupine's spines.
You tentacle-slap the porcupine.
The porcupine is moderately wounded.
The porcupine closely misses you.
You barely miss the porcupine. Your squeeze misses the porcupine.
The porcupine is moderately wounded.
The porcupine closely misses you.
You tentacle-slap the porcupine. You squeeze the porcupine.
The porcupine is heavily wounded.
The porcupine closely misses you.
Unknown command.
You gain the combat prowess of a mighty hero.
The porcupine misses you.
You are struck by the porcupine's spines.
* * * LOW HITPOINT WARNING * * *
You closely miss the porcupine.
The porcupine is heavily wounded.
The porcupine bites you!
You die...

......# ...<#.. ..........$.
....##.# P.>#........#
...[...#.P.......>.#.#
...................#.#
..#####..#...........# ..#
.#......$....# .#... ####
.......r....# #..##..
##.####..P......@..# #..#..#
##..........#......# ..##.#
##.#.#............รท# #.##.#
..[......#..###.##.#####.##.####
#..P#### #. ##...#.#..##..#.##.#
##..# # ....................#
#..## .#####.######..#.##.#
#...# # #.#######...##.# .#.#.#
#..............##


You could see a porcupine.

Vanquished Creatures
  A death yak (D:8)
  3 blink frogs (Lair:1)
  Prince Ribbit (D:7)
  2 hippogriffs
  4 yaks
  5 ice beasts
  An orc warrior (D:7)
  A black bear (D:9)
  A phantom (D:7)
  2 ogres
  5 wolves (Lair:1)
  3 crocodiles (Lair:1)
  7 bullfrogs
  A gnoll sergeant (D:7)
  3 scorpions (D:4)
  A wyvern skeleton (D:7)
  2 electric eels (Lair:1)
  5 crimson imps
  4 hounds
  2 jellies
  A quasit (D:8)
  5 orc priests
  3 iguanas
  8 orc wizards
  6 worker ants
  2 hound skeletons
  A worker ant zombie (D:5)
  9 gnolls
  7 adders
  A shadow imp (D:6)
  An adder zombie (D:6)
  4 worms (D:2)
  5 dart slugs
  7 leopard geckos
  36 orcs
  6 bats
  4 giant cockroaches
  12 goblins
  5 hobgoblins
  6 jackals
  8 kobolds
  A quokka (D:6)
  5 frilled lizards
  A quokka zombie (D:6)
  9 rats
207 creatures vanquished.

Vanquished Creatures (collateral kills)
  Ijyb (D:2)
  2 goblins (D:2)
3 creatures vanquished.

Vanquished Creatures (others)
  3 fungi (Lair:1)
  2 plants (Lair:1)
5 creatures vanquished.

Grand Total: 215 creatures vanquished

Notes
Turn   | Place    | Note
-------+----------+-------------------------------------------
     0 | D:1      | botchamania the Octopode Transmuter began the quest for the Orb.
     0 | D:1      | Reached XP level 1. HP: 13/13 MP: 3/3
     6 | D:1      | Noticed a minotaur skeleton
     7 | D:1      | Noticed a minotaur skeleton
   209 | D:1      | Reached XP level 2. HP: 10/18 MP: 3/5
   444 | D:1      | Learned a level 2 spell: Sticks to Snakes
   968 | D:1      | Reached XP level 3. HP: 16/23 MP: 6/6
  1164 | D:1      | Learned a level 3 spell: Spider Form
  1717 | D:2      | Reached skill level 1 in Poison Magic
  1994 | D:2      | Reached XP level 4. HP: 12/28 MP: 4/7
  2356 | D:2      | Found a shattered altar of Ashenzari.
  2690 | D:2      | Found a glowing golden altar of the Shining One.
  2691 | D:2      | Found a hide-covered altar of Uskayaw.
  3054 | D:2      | Noticed Ijyb
  3148 | D:2      | Killed Ijyb
  3716 | D:2      | Found a glowing silver altar of Zin.
  3716 | D:2      | Found a sparkling altar of Nemelex Xobeh.
  3781 | D:3      | Reached XP level 5. HP: 33/33 MP: 6/8
  4180 | D:3      | Found a basalt altar of Yredelemnul.
  4196 | D:3      | Found a shadowy altar of Dithmenos.
  4198 | D:3      | Found a snail-covered altar of Cheibriados.
  4200 | D:3      | Found a hazy altar of Hepliaklqana.
  4201 | D:3      | Found an ancient bone altar of Kikubaaqudgha.
  4407 | D:4      | Found Xukke's Gadget Emporium.
  4819 | D:4      | Reached XP level 6. HP: 29/38 MP: 5/9
  5003 | D:5      | Entered Level 5 of the Dungeon
  5295 | D:4      | Reached skill level 5 in Transmutations
  5319 | D:4      | Reached skill level 5 in Poison Magic
  5319 | D:4      | Reached XP level 7. HP: 19/43 MP: 3/10
  5914 | D:4      | Learned a level 4 spell: Ice Form
  6010 | D:4      | Reached skill level 1 in Ice Magic
  6474 | D:5      | Found a radiant altar of Vehumet.
  6612 | D:5      | Found a staircase to the Ecumenical Temple.
  6617 | Temple   | Entered the Ecumenical Temple
  6634 | Temple   | Became a worshipper of Warmaster Okawaru
  7366 | D:5      | Found Eblylok's Magic Scroll Shoppe.
  7379 | D:5      | Bought a scroll of teleportation for 42 gold pieces
  7379 | D:5      | Bought a scroll of teleportation for 42 gold pieces
  7379 | D:5      | Bought a scroll of identify for 28 gold pieces
  7379 | D:5      | Bought a scroll of identify for 28 gold pieces
  7379 | D:5      | Bought a scroll of magic mapping for 49 gold pieces
  7379 | D:5      | Bought a scroll of remove curse for 42 gold pieces
  7896 | D:6      | Reached XP level 8. HP: 48/48 MP: 7/11
  8659 | D:6      | Reached * piety under Okawaru
  8659 | D:6      | Reached skill level 5 in Ice Magic
  9035 | D:7      | You fall through a shaft for 2 floors!
  9055 | D:8      | Noticed a death yak
  9056 | D:8      | Noticed a death yak
  9066 | D:8      | Found a staircase to the Lair.
  9067 | D:8      | Noticed a yak
  9068 | D:8      | Noticed a yak
  9068 | D:8      | Noticed a death yak
  9092 | D:8      | Reached XP level 9. HP: 31/53 MP: 5/12
  9517 | D:7      | Noticed Prince Ribbit
  9534 | D:7      | Killed Prince Ribbit
  9537 | D:7      | Reached ** piety under Okawaru
 10208 | D:8      | Killed a death yak
 10576 | D:9      | Found a stormy altar of Qazlal.
 10584 | D:9      | Reached XP level 10. HP: 54/64 MP: 16/16
 10596 | D:9      | Learned a level 5 spell: Blade Hands
 10921 | D:9      | Found a staircase to the Orcish Mines.
 10925 | D:9      | Found an opulent altar of Gozag.
 11052 | D:9      | Found a roughly hewn altar of Beogh.
 11163 | D:9      | Reached *** piety under Okawaru
 11163 | D:9      | Reached skill level 5 in Spellcasting
 11287 | D:9      | Reached skill level 5 in Fighting
 11554 | D:9      | Found a bloodstained altar of Trog.
 11554 | D:9      | Found a burning altar of Makhleb.
 11598 | D:10     | Entered Level 10 of the Dungeon
 11850 | Lair:1   | Entered Level 1 of the Lair of Beasts
 12753 | Lair:1   | Reached **** piety under Okawaru
 13198 | Lair:1   | Slain by a porcupine

Skill      XL: |  1  2  3  4  5  6  7  8  9 10 |
---------------+-------------------------------+-----
Transmutations | 3 4 5 6 8 |  8.3
Poison Magic   | 1 2 4 5 |  5.3
Ice Magic      | 3 5 7 8 |  8.3
Fighting       | 4 6 |  6.4
Spellcasting   | 4 5 |  5.5
Unarmed Combat | 4 |  4.8
Dodging        | 3 |  3.6

Action                   |  1- 3 |  4- 6 |  7- 9 | 10-12 || total
-------------------------+-------+-------+-------+-------++-------
Melee: Unarmed           |    98 |   139 |   267 |   136 ||   640
       Constrict         |    29 |    18 |    19 |     9 ||    75
       Kick              |    23 |    10 |     1 |       ||    34
       Tentacles         |    11 |     9 |    22 |     8 ||    50
       Punch             |     1 |       |     4 |     2 ||     7
Throw: Stone             |     6 |       |       |       ||     6
 Cast: Beastly Appendage |    20 |    11 |     1 |       ||    32
       Sticks to Snakes  |     1 |    13 |       |       ||    14
       Spider Form       |       |    19 |    12 |     1 ||    32
       Ice Form          |       |       |    19 |    10 ||    29
Invok: Heroism           |       |       |     5 |    11 ||    16
  Use: Potion            |     2 |     1 |     1 |     3 ||     7
       Scroll            |     2 |     5 |    12 |       ||    19
 Stab: Sleeping          |     1 |     3 |     3 |     1 ||     8
       Distracted        |       |       |     1 |       ||     1
       Invisible         |       |       |     5 |       ||     5
  Eat: Chunk             |     4 |     5 |     7 |     6 ||    22
       Bread ration      |       |     1 |       |     1 ||     2
       Meat ration       |       |     1 |     3 |       ||     4
Armor: Skin              |    18 |     2 |    37 |    14 ||    71
Dodge: Dodged            |    65 |    74 |   160 |    70 ||   369
